Map: Ice and Chrome LE

Players

Subspace - Winner!

  • Race: Zerg Zerg
  • League: Master
  • Spawn Location: 1:00

EviLs

  • Race: Protoss Protoss
  • League: Master
  • Spawn Location: 7:00

VOD

Have the link to the VOD?

Description

Time

  • Played on: July 8, 2020, 5:25 a.m.
  • Length: 6:21
Show
View Real Time Build Order
Export as new Build Order

Subspace Zerg - Winner!

Build Orders: Hatch First 

Get SALT Encoding   

  12  0:00  Drone  
  13  0:13  Overlord  
  13  0:18  Drone  
  14  0:31  Drone x2  
  16  0:48  Hatchery  
  15  0:52  Drone  
  15  0:55  Drone  
  17  0:58  Drone  
  18  1:10  Extractor  
  17  1:14  Spawning Pool  
  17  1:17  Drone  
  17  1:20  Drone  
  18  1:28  Drone  
  19  1:39  Drone  
  20  1:49  Drone  
  21  2:01  Queen x2  
  21  2:02  Zergling x4  
  27  2:17  Hatchery  
  26  2:23  Overlord  
  26  2:25  Drone x2  
  28  2:41  Queen  
  28  2:43  Drone x3  
  33  2:46  Overlord  
  33  2:49  Metabolic Boost  
  33  2:55  Drone  
  33  2:57  Drone x2  
  35  3:12  Zergling x4  
  37  3:13  Drone x5  
  37  3:17  Extractor  
  41  3:23  Drone x3  
  42  3:34  Roach Warren  
  41  3:42  Drone  
  41  3:43  Drone x2  
  41  3:46  Drone x3  
  48  3:55  Zergling x6  
  48  3:57  Overlord  
  48  3:59  Overlord  
  50  4:05  Overlord  
  50  4:17  Roach x5  
  50  4:19  Roach  
  50  4:22  Roach  
  50  4:23  Roach  
  66  4:26  Roach  
  66  4:28  Roach  
  70  4:33  Roach x2  
  70  4:35  Overlord  
  74  4:46  Overlord x3  
  74  4:49  Overlord  
  74  5:00  Zergling x14  
  74  5:03  Ravager  
  74  5:06  Overlord  
  82  5:07  Zergling x2  
  82  5:08  Zergling x2  
  82  5:10  Ravager x2  
  86  5:18  Ravager  
  86  5:19  Zergling x12  
  88  5:26  Zergling x8  
  92  5:29  Ravager  
  86  5:42  Ravager  
  87  5:44  Zergling x12  
  90  5:51  Zergling x2  
  90  5:55  Ravager  
  82  6:04  Spore Crawler  
  82  6:05  Spore Crawler  
  82  6:06  Spore Crawler  
  82  6:08  Ravager  
Show
View Real Time Build Order
Export as new Build Order

EviLs Protoss 

Build Orders: 1 Gate Expand 

Get SALT Encoding   

  12  0:01  Probe  
  13  0:13  Probe  
  14  0:21  Pylon  
  14  0:25  Probe  
  15  0:42  Probe  
  15  0:45  Gateway  
  16  0:52  Probe  
  16  0:56  Assimilator  
  17  1:03  Probe  
  18  1:22  Nexus  
  18  1:36  Probe  
  18  1:37  Cybernetics Core  
  19  1:44  Probe  
  19  1:45  Pylon  
  19  1:47  Assimilator  
  20  1:58  Probe  
  21  2:05  Adept  
  21  2:10  Probe  
  22  2:19  Warp Gate  
  24  2:22  Probe  
  25  2:31  Stalker  
  25  2:35  Probe x2  
  29  2:47  Probe x2  
  31  2:55  Gateway  
  31  2:58  Twilight Council  
  31  2:59  Probe  
  32  3:12  Adept  
  34  3:13  Probe  
  35  3:21  Probe  
  35  3:25  Probe  
  35  3:27  Resonating Glaives, Robotics Facility  
  35  3:30  Pylon  
  35  3:33  Probe  
  36  3:35  Gateway  
  36  3:37  Probe  
  37  3:45  Probe  
  37  3:47  Gateway  
  38  3:49  Probe  
  39  3:57  Probe  
  39  4:00  Assimilator  
  39  4:01  Probe  
  41  4:07  Adept x2  
  45  4:15  Probe x2  
  47  4:22  Observer  
  47  4:30  Nexus  
  48  4:33  Pylon  
  48  4:37  Pylon  
  48  4:42  Probe x2  
  48  4:44  Warp Prism  
  50  4:45  Pylon  
  52  4:54  Probe  
  53  5:00  Stalker  
  53  5:04  Adept x3  
  61  5:13  Probe x2  
  63  5:18  Forge  
  61  5:25  Adept x4  
  55  5:47  Adept x4  
  37  6:09  Adept x2  
Tags
 
Add a new tag
Caveats
  • Supply blocks, unpowered buildings, or Contaminate may cause inaccurate times.
  • Supply counts are checked every 10 seconds.